 Dungeon Crawl Stone Soup version 0.28-a0-1143-gcf6077d4cc (webtiles) character file.

Game seed: 2142020648335676125

5404 ytrimaz the Cleaver (level 10, -2/82 HPs)
             Began as a Formicid Fighter on Dec 13, 2021.
             Was an Initiate of Ru.
             Killed from afar by an electric eel (5 damage)
             ... with a bolt of electricity
             ... in a bailey.
             The game lasted 00:07:27 (7167 turns).

ytrimaz the Cleaver (Formicid Fighter)              Turns: 7167, Time: 00:07:27

Health: -2/82      AC:  9    Str: 24    XL:     10   Next: 99%
Magic:  10/10      EV: 10    Int:  9    God:    Ru [......]
Gold:   304        SH:  4    Dex: 10    Spells: 9/9 levels left

rFire   . . .      SeeInvis +   a - +0 war axe (venom)
rCold   . . .      Faith    .   c - +0 buckler
rNeg    . . .      Spirit   .   b - +1 scale mail
rPois   .          Reflect  .   (helmet unavailable)
rElec   .          Harm     .   f - scarf {shadows}
rCorr   .          Rampage  .   (no gloves)
Will    ++...                   (no boots)
Stlth   ..........              s - amulet of regeneration
HPRegen 1.03/turn               e - ring of willpower
MPRegen 0.12/turn               k - +4 ring of slaying

@: very slow
A: permanent stasis, dig shafts and tunnels, antennae 3, four strong arms
a: Dig, Renounce Religion


You were in a bailey.
You worshipped Ru.
Ru was noncommittal.
You visited 2 branches of the dungeon, and saw 8 of its levels.
You also visited: Bailey.

You collected 304 gold pieces.

Inventory:

Hand Weapons
 a - a +0 war axe of venom (weapon)
 d - a +5 war axe
 l - a +0 battleaxe
Armour
 b - a +1 scale mail (worn)
 c - a +0 buckler (worn)
 f - a scarf of shadows (worn)
Jewellery
 e - a ring of willpower (left hand)
 i - an amulet of guardian spirit
 k - a +4 ring of slaying (right hand)
 m - an amulet of magic regeneration
 s - an amulet of regeneration (around neck)
 u - an amulet of the acrobat
Wands
 p - a wand of charming (4)
 q - a wand of acid (3)
 t - a wand of flame (23)
Scrolls
 g - a scroll of silence
 h - a scroll of fear
 v - a scroll of acquirement
Potions
 j - 2 potions of curing
 n - a potion of mutation {unknown}
 o - a potion of lignification {unknown}
 r - a potion of ambrosia
 w - a potion of flight {unknown}


   Skills:
 * Level 8.6 Fighting
 * Level 11.4 Axes
 * Level 9.0 Armour
 + Level 4.9 Shields


You had 9 spell levels left.
You didn't know any spells.
Your spell library contained the following spells:

 Spells                   Type           Power      Damage    Failure   Level
 Animate Skeleton         Necr           0%         N/A       65%         1
 Pain                     Necr           0%         1d4       65%         1
 Scorch                   Fire           0%         2d5       78%         2
 Static Discharge         Conj/Air       0%         N/A       78%         2
 Conjure Flame            Conj/Fire      0%         6-21      95%         3
 Ignite Poison            Fire/Tmut/Pois 0%         N/A       95%         3
 Vampiric Draining        Necr           0%         2d6       95%         3
 Flame Wave               Conj/Fire      0%         2d4       100%        4
 Sticky Flame             Conj/Fire      0%         2d3       100%        4
 Agony                    Necr           0%         N/A       100%        5
 Excruciating Wounds      Necr           0%         N/A       100%        5
 Lightning Bolt           Conj/Air       0%         1d11      100%        5
 Summon Cactus Giant      Summ           0%         N/A       100%        6
 Maxwell's Capacitive Co  Air            0%         ∞         100%        8


Dungeon Overview and Level Annotations

Branches:
Dungeon (7/15)             Temple (1/1) D:6          Bailey (1/1)

Altars:
Ashenzari
Dithmenos
Elyvilon
Fedhas
Gozag
Hepliaklqana
Kikubaaqudgha
Makhleb
Nemelex Xobeh
Okawaru
Qazlal
Ru
Sif Muna
Trog
Uskayaw
Vehumet
Wu Jian
Xom
Yredelemnul
Zin
The Shining One

Annotations:
D:5 1 runed translucent door, Crazy Yiuf


Innate Abilities, Weirdness & Mutations

You cannot be hasted, slowed, berserked, paralysed or teleported.
You can dig through walls and to a lower floor.
You have a pair of large antennae on your head. (SInv)
Your four strong arms can wield two-handed weapons with a shield.


Message History

An electric eel is nearby!
The electric eel shoots out a bolt of lightning at you!
The bolt of electricity hits you! x2
The electric eel shoots out a bolt of lightning at you!
The bolt of electricity hits you! x2
You open the door.
A hobgoblin and an orc warrior come into view.
The orc warrior shouts!
Unknown command.
You enter the shallow water.
Moving in this stuff is going to be slow.
The electric eel shoots out a bolt of lightning at you!
The bolt of electricity hits you! The bolt of electricity hits you.
The bolt of electricity hits the electric eel.
The electric eel completely resists.
Your unstable footing causes you to fumble your attack.
The electric eel shoots out a bolt of lightning at you!
The bolt of electricity misses you. The bolt of electricity hits you!
* * * LOW HITPOINT WARNING * * *
The bolt of electricity hits the electric eel.
The electric eel completely resists.
The orc warrior hits you but does no damage.
You slash the electric eel!
The electric eel is poisoned.
The electric eel is severely wounded.
You hit the orc warrior but do no damage.
The orc warrior is poisoned.
The electric eel shoots out a bolt of lightning at you!
The bolt of electricity hits you!
* * * LOW HITPOINT WARNING * * *
The bolt of electricity hits you.
* * * LOW HITPOINT WARNING * * *
The bolt of electricity hits the electric eel.
The electric eel completely resists.
You block the orc warrior's attack.
Unknown command.
You feel better.
The electric eel shoots out a bolt of lightning at you!
The bolt of electricity hits you!
* * * LOW HITPOINT WARNING * * *
The bolt of electricity hits you.
You die...

).............#.≈≈≈≈≈≈
)...........8.#.≈≈≈≈≈≈
)...._......).'.≈≈≈≈≈≈≈
...........#[##.≈≈≈≈≈≈≈
############))#.≈≈≈≈≈≈≈
....+ +..!?#..#.≈≈≈≈≈≈≈
....# #..!:#..#.≈≈≈≈≈≈≈
#####.######..#.≈≈≈≈≈≈≈
.....∩..^..'..#.@S≈≈≈≈≈
#####.#########o#≈≈≈≈≈≈
..g#≈≈≈≈≈≈ #....#≈≈≈≈≈≈
#..###≈≈≈≈≈≈ #.. ≈≈≈≈≈≈
### ≈≈≈≈≈≈


You could see an orc warrior (very poisoned), an electric eel (very poisoned)
and a hobgoblin.

Vanquished Creatures
  A boulder beetle (D:7)
  An orc sorcerer (Bailey)
  An orc knight (Bailey)
  A kobold demonologist (Bailey)
  A meliai zombie (D:5)
  Sigmund (D:5)
  A shadow (D:7)
  A steam dragon (D:7)
  Menkaure (D:7)
  A water moccasin (D:6)
  An ice beast (D:7)
  8 orc warriors
  2 black bears
  An ogre (D:5)
  A necrophage (D:5)
  2 phantoms
  A bullfrog (D:7)
  2 kobold brigands
  A gnoll sergeant (D:5)
  3 scorpions
  2 water moccasin skeletons
  An electric eel (Bailey)
  A jelly (D:7)
  2 bullfrog zombies
  A hound (D:5)
  A bullfrog skeleton (D:5)
  5 orc priests
  3 centaur skeletons
  2 iguanas
  Jessica (D:3)
  Ijyb (D:4)
  3 orc wizards
  2 killer bee zombies
  2 howler monkey skeletons (D:7)
  3 adders
  13 gnolls
  2 adder skeletons (D:4)
  A dart slug (D:4)
  21 orcs
  5 ball pythons
  9 endoplasms
  A giant cockroach (D:4)
  16 goblins
  18 hobgoblins
  3 jackals (D:1)
  2 quokkas
  5 bats
  2 frilled lizards
  19 kobolds
  3 rats
182 creatures vanquished.

Vanquished Creatures (others)
  An orc wizard (D:6)
1 creature vanquished.

Grand Total: 183 creatures vanquished

Notes
Turn   | Place    | Note
-------+----------+-------------------------------------------
     0 | D:1      | ytrimaz the Formicid Fighter began the quest for the Orb.
     0 | D:1      | Reached XP level 1. HP: 18/18 MP: 1/1
   157 | D:1      | Reached XP level 2. HP: 24/24 MP: 2/2
   364 | D:1      | Reached XP level 3. HP: 30/30 MP: 3/3
  1341 | D:2      | Reached XP level 4. HP: 36/37 MP: 4/4
  1459 | D:2      | Reached skill level 3 in Axes
  1816 | D:3      | Noticed Jessica
  1819 | D:3      | Killed Jessica
  1852 | D:3      | Found a faded altar of an unknown god.
  1940 | D:3      | Reached XP level 5. HP: 42/42 MP: 5/5
  2579 | D:4      | Noticed Ijyb
  2586 | D:4      | Killed Ijyb
  2587 | D:4      | Reached skill level 4 in Axes
  2622 | D:4      | Reached XP level 6. HP: 28/48 MP: 3/6
  2638 | D:4      | Reached skill level 5 in Axes
  3125 | D:4      | Reached XP level 7. HP: 51/55 MP: 5/7
  3307 | D:5      | Entered Level 5 of the Dungeon
  3313 | D:5      | Reached skill level 5 in Armour
  3336 | D:5      | Reached skill level 6 in Axes
  3409 | D:5      | Reached XP level 8. HP: 17/61 MP: 3/8
  3716 | D:5      | Reached skill level 5 in Fighting
  3716 | D:5      | Reached skill level 7 in Axes
  4349 | D:5      | Noticed Sigmund
  4361 | D:5      | Killed Sigmund
  4736 | D:5      | Found a runed translucent door.
  4737 | D:5      | Noticed Crazy Yiuf
  4831 | D:5      | Reached XP level 9. HP: 45/69 MP: 6/9
  5015 | D:6      | Reached skill level 8 in Axes
  5748 | D:6      | Found a staircase to the Ecumenical Temple.
  5770 | Temple   | Entered the Ecumenical Temple
  6046 | Temple   | Became a worshipper of Ru the Awakened
  6434 | D:7      | Reached skill level 9 in Axes
  6456 | D:7      | Noticed a boulder beetle
  6471 | D:7      | Killed a boulder beetle
  6472 | D:7      | Reached XP level 10. HP: 23/79 MP: 10/10
  6566 | D:7      | Reached skill level 10 in Axes
  6572 | D:7      | Found a flagged portal.
  6576 | D:7      | Noticed Menkaure
  6606 | D:7      | Killed Menkaure
  6666 | Bailey   | Entered a bailey
  6685 | Bailey   | Noticed an orc knight
  6696 | Bailey   | Killed an orc knight
  6714 | Bailey   | Noticed an orc sorcerer
  6714 | Bailey   | Noticed a kobold demonologist
  6718 | Bailey   | Found an iron altar of Okawaru.
  6722 | Bailey   | Killed a kobold demonologist
  6725 | Bailey   | Killed an orc sorcerer
  6726 | Bailey   | Reached skill level 11 in Axes
  7166 | Bailey   | HP: 3/82 [electric eel/bolt of electricity (5)]
  7167 | Bailey   | Killed from afar by an electric eel

Illustrated notes

Levels and vault maps discovered:
D:1:      dpeg_arrival_radiant, layout_basic
D:2:      layout_basic
D:3:      layout_basic, chequers_ecumenical_altar_simple,
          kennysheep_generic_room_15, uniq_jessica
D:4:      layout_loops_ring, uniq_ijyb
D:5:      layout_basic, minmay_crystal_water, uniq_sigmund,
          uniq_crazy_yiuf_cottage
D:6:      layout_cave_pools, minmay_temple_entry_slanted,
          hangedman_decor_opposing
D:7:      layout_rooms, enter_bailey_2, the_hattery, uniq_menkaure
Temple:   roderic_octagonal_lattice_temple
Bailey:   bailey_axe_of_yendor_kennysheep, bailey

Skill      XL: |  1  2  3  4  5  6  7  8  9 10 |
---------------+-------------------------------+-----
Axes           | 3 4 5 6 7 9 11 | 11.4
Fighting       | 4 5 7 8 |  8.6
Armour         | 4 5 6 8 9 |  9.0
Shields        | 4 |  4.9

Action                   |  1- 3 |  4- 6 |  7- 9 | 10-12 || total
-------------------------+-------+-------+-------+-------++-------
Melee: War axe           |   113 |   119 |   145 |   105 ||   482
Invok: Reject Sacrifices |       |       |       |     1 ||     1
  Use: Scroll            |     4 |     7 |     2 |       ||    13
       Potion            |       |       |     5 |     4 ||     9
Armor: Scale mail        |    57 |    59 |    76 |    27 ||   219
Dodge: Dodged            |    55 |    45 |    74 |    51 ||   225
Block: Buckler           |    29 |    25 |    39 |    19 ||   112

Table legend: (Time is in decaauts)
 A = Elapsed time spent in this place.
 B = Non-inter-level travel time spent in this place.
 C = Inter-level travel time spent in this place.
 D = Time resting spent in this place.
 E = Time spent auto-exploring this place.
 F = Levels seen in this place.
 G = Mean time per level.
                   A        B        C        D        E       F      G
               +--------+--------+--------+--------+--------+-----+--------+
         Total |   7259 |   7136 |    123 |    577 |   5188 |   9 |  806.6 |
       Dungeon |   6463 |   6360 |    103 |    399 |   4806 |   7 |  923.3 |
        Temple |    297 |    277 |     20 |      0 |    249 |   1 |  297.0 |
        Bailey |    498 |    498 |      0 |    178 |    133 |   1 |  498.0 |
               +--------+--------+--------+--------+--------+-----+--------+

Top non-repeatable levels by time:
     D:5: 2088 daAuts
     D:1: 970 daAuts
     D:2: 890 daAuts
     D:4: 889 daAuts
     D:6: 669 daAuts
     D:3: 634 daAuts
  Bailey: 498 daAuts
     D:7: 320 daAuts
  Temple: 297 daAuts
